 Dungeon Crawl Stone Soup version 0.31.0-4-g52a2dc7128 (webtiles) character file.

Game seed: 12588939847149903218

381527 juan097 the Slayer (level 22, -9/252 HPs)
             Began as an Oni Gladiator on Jan 19, 2024.
             Was the Champion of Makhleb.
             Mangled by a vampire knight
             ... wielding a +3 halberd
              (28 damage)
             ... on level 3 of the Depths on Jan 21, 2024.
             The game lasted 04:18:26 (62273 turns).

juan097 the Slayer (Oni Gladiator)                 Turns: 62273, Time: 04:18:27

Health: -9/252     AC: 24    Str: 28    XL:     22   Next: 90%
Magic:  37/37      EV: 11    Int: 11    God:    Makhleb [******]
Gold:   4324       SH:  0    Dex: 12    Spells: 27/43 levels left

rFire   + . .        a - +9 giant club (elec)
rCold   + . .        (shield currently unavailable)
rNeg    . . .        Z - +0 shadow dragon scales
rPois   +            c - +2 hat
rElec   .            W - scarf {rC+ rF+}
rCorr   .            (gloves unavailable)
SInv    .            (boots unavailable)
Will    ++...        Y - amulet of regeneration
Stlth   ++++         X - ring of poison resistance
HPRegen 1.42/turn    H - +4 ring of protection {=R}
MPRegen 0.25/turn

%: no passive effects
@: no status effects
A: large, unfitting armour, horns 1, tough skin 1, double potion healing,
drunken brawling
}: 2/15 runes: barnacled, gossamer
a: Renounce Religion, Minor Destruction, Lesser Servant of Makhleb, Major
Destruction, Greater Servant of Makhleb


You were on level 3 of the Depths.
You worshipped Makhleb.
Makhleb was exalted by your worship.
You visited 7 branches of the dungeon, and saw 37 of its levels.
You visited the Abyss 1 time.
You also visited: Bailey, Ice Cave, Wizlab and Desolation.

You collected 4610 gold pieces.
You spent 286 gold pieces at shops.

Inventory:

Hand Weapons
 a - a +9 giant club of electrocution (weapon)
 b - the +12 flail "Voseni Ludd" {venom, rF+ rN+ Dex-4}
   (You found it on level 3 of the Dungeon)

   Dex-4:     It affects your dexterity (-4).
   rF+:       It protects you from fire.
   rN+:       It protects you from negative energy.
 m - a +2 antimagic morningstar
Missiles
 q - 2 silver javelins
 z - 33 large rocks (quivered)
 G - 4 throwing nets
 P - 8 javelins
Armour
 c - a +2 hat (worn)
 W - a scarf of resistance (worn)
 Z - +0 shadow dragon scales (worn)
Jewellery
 g - a ring of protection from fire
 s - the ring of Xugoem {rN+ Will+}
   (You acquired it on level 15 of the Dungeon)

   [ring of positive energy]

   rN+:       It protects you from negative energy.
   Will+:     It increases your willpower.
 B - the ring of Otawousch {+Blink Fly rCorr Int-4 Dex+7}
   (You found it on level 4 of the Shoals)

   [ring of flight]

   Int-4:     It affects your intelligence (-4).
   Dex+7:     It affects your dexterity (+7).
   Fly:       It grants you flight.
   +Blink:    It lets you blink.
   rCorr:     It protects you from acid and corrosion.
 H - a +4 ring of protection (right hand) {=R}
 Q - a ring of protection from cold
 X - a ring of poison resistance (left hand)
 Y - an amulet of regeneration (around neck)
Wands
 t - a wand of roots (19)
 M - a wand of digging (3)
 S - a wand of acid (3)
Scrolls
 e - 2 scrolls of summoning
 i - 3 scrolls of blinking
 j - 9 scrolls of enchant weapon
 k - 6 scrolls of enchant armour
 n - 7 scrolls of fog
 o - 4 scrolls of teleportation
 A - 3 scrolls of silence
 E - 2 scrolls of vulnerability
 J - 3 scrolls of fear
 N - 6 scrolls of immolation
 O - a scroll of torment
 R - 3 scrolls of brand weapon
 V - 3 scrolls of poison
Potions
 f - 5 potions of attraction
 h - 4 potions of ambrosia
 l - 7 potions of lignification
 p - a potion of curing
 r - 5 potions of haste
 u - a potion of cancellation
 v - 3 potions of invisibility
 w - 4 potions of brilliance
 D - a potion of resistance
 F - 3 potions of magic
 I - 5 potions of enlightenment
 L - 4 potions of might
 U - 4 potions of mutation
Miscellaneous
 T - a condenser vane


   Skills:
 - Level 21.0 Fighting
 - Level 16.0 Maces & Flails
 - Level 14.0 Throwing
 - Level 13.0 Armour
 - Level 12.0 Dodging
 - Level 5.0 Stealth
 + Level 11.0 Spellcasting
 + Level 9.3 Hexes
 - Level 12.0 Translocations
 - Level 16.0 Invocations
 - Level 10.0 Evocations


You had 27 spell levels left.
You knew the following spells:

 Your Spells              Type           Power      Damage    Failure   Level
a - Blink                 Tloc           64%        N/A       1%          2
b - Lesser Beckoning      Tloc           64%        N/A       1%          2
c - Passage of Golubria   Tloc           32%        N/A       3%          4
d - Dimensional Bullseye  Hex/Tloc       14%        N/A       5%          4
e - Apportation           Tloc           64%        N/A       1%          1
f - Gell's Gravitas       Tloc           32%        N/A       1%          3

Your spell library contained the following spells:

 Spells                   Type           Power      Damage    Failure   Level
 Slow                     Hex            100%       N/A       1%          1
 Jinxbite                 Hex            52%        N/A       1%          2
 Teleport Other           Tloc           32%        N/A       1%          3
 Confusing Touch          Hex            26%        N/A       3%          3
 Tukima's Dance           Hex            26%        N/A       3%          3
 Cause Fear               Hex            13%        N/A       10%         4
 Volatile Blastmotes      Fire/Tloc      38%        2d13      11%         3
 Dazzling Flash           Conj/Hex       32%        N/A       19%         3
 Iskenderun's Mystic Bla  Conj/Tloc      19%        2d6       36%         4
 Foxfire                  Conj/Fire      24%        2x1d5     41%         1
 Freeze                   Ice            24%        1d4       41%         1
 Magic Dart               Conj           24%        1d4       41%         1
 Necrotise                Necr           24%        1d5       41%         1
 Shock                    Conj/Air       24%        1d4       41%         1
 Sting                    Conj/Alch      24%        1d4       41%         1
 Call Imp                 Summ           12%        N/A       54%         2
 Cigotuvi's Dreadful Rot  Necr/Alch/Air  12%        N/A       54%         2
 Mercury Vapours          Alch/Air       12%        N/A       54%         2
 Scorch                   Fire           12%        2d5       54%         2
 Anguish                  Hex/Necr       8%         N/A       54%         4
 Summon Forest            Summ/Tloc      9%         N/A       71%         5
 Frozen Ramparts          Ice            12%        1d2       78%         3
 Hailstorm                Conj/Ice       6%         3d5       78%         3
 Mephitic Cloud           Conj/Alch/Air  6%         N/A       78%         3
 Passwall                 Erth           6%         N/A       78%         3
 Stone Arrow              Conj/Erth      12%        3d7       78%         3
 Swiftness                Air            6%         N/A       78%         3
 Silence                  Hex/Air        8%         N/A       87%         5
 Summon Mana Viper        Hex/Summ       16%        N/A       87%         5
 Yara's Violent Unravell  Hex/Alch       8%         3d5       87%         5
 Airstrike                Air            3%         2d(1-17)  99%         4
 Flame Wave               Conj/Fire      6%         2d5       99%         4
 Ignite Poison            Fire/Alch      6%         N/A       99%         4
 Olgreb's Toxic Radiance  Alch           6%         N/A       99%         4
 Summon Lightning Spire   Summ/Air       6%         N/A       99%         4
 Alistair's Intoxication  Alch           4%         N/A       100%        5
 Curse of Agony           Necr           6%         N/A       100%        5
 Freezing Cloud           Conj/Ice/Air   3%         6-21      100%        5
 Iskenderun's Battlesphe  Conj           6%         2d6       100%        5
 Lee's Rapid Deconstruct  Erth           3%         3d5*      100%        5
 Bombard                  Conj/Erth      3%         9d1       100%        6
 Conjure Ball Lightning   Conj/Air       3%         3x3d6     100%        6
 Death Channel            Necr           3%         N/A       100%        6
 Plasma Beam              Fire/Air       3%         2x1d13    100%        6
 Sculpt Simulacrum        Ice/Alch       3%         N/A       100%        6
 Starburst                Conj/Fire      3%         6d3       100%        6
 Summon Cactus Giant      Summ           3%         N/A       100%        6
 Enfeeble                 Hex            13%        N/A       100%        7
 Monstrous Menagerie      Summ           3%         N/A       100%        7
 Ozocubu's Refrigeration  Ice            3%         4d8       100%        7
 Spellforged Servitor     Conj/Summ      3%         N/A       100%        7
 Borgnjor's Revivificati  Necr           3%         N/A       100%        8
 Discord                  Hex            13%        N/A       100%        8
 Lehudib's Crystal Spear  Conj/Erth      3%         10d2      100%        8
 Maxwell's Capacitive Co  Air            3%         ∞         100%        8
 Death's Door             Necr           3%         N/A       100%        9
 Fire Storm               Conj/Fire      3%         8d1       100%        9
 Polar Vortex             Ice            3%         N/A       100%        9


Dungeon Overview and Level Annotations

Branches:
Dungeon (15/15)            Temple (0/1) D:6            Lair (5/5) D:10
 Shoals (4/4) Lair:2       Spider (4/4) Lair:2        Slime (0/5) Lair:5
    Orc (2/2) D:12            Elf (0/3) Orc:2        Vaults (4/5) D:13
  Crypt (0/3) Vaults:2     Depths (3/4) D:15         Bailey (visited)
  IceCv (visited)          WizLab (visited)         Desolation (visited)

Altars:
Cheibriados
Dithmenos
Gozag
Hepliaklqana
Kikubaaqudgha
Makhleb
Nemelex Xobeh
Qazlal
Ru
Trog
Uskayaw
Vehumet
Wu Jian
Xom
Yredelemnul
Jiyva

Shops:
Orc:2 :*!*   Vaults:1 [   Depths:2 *   Depths:3 ?:

Portals:
Hell: Depths:1 Depths:2 Depths:3
Abyss: Depths:3
Pandemonium: Depths:2
Trove: Depths:1 (give 3 potions of resistance)

Annotations:
D:4 Dowan; Duvessa
Lair:5 2 transporters, laqueoix's ghost, journeyman DrSh
Shoals:1 1 runed translucent door, Kehicw's ghost, adept HOBr
Spider:3 1 runed translucent door, exclusion: door, MysticSailboat's ghost, adept GnCK


Innate Abilities, Weirdness & Mutations

You are too large for most types of armour.
You have a pair of small horns on your head.
You have tough skin. (AC +1)
You gain doubled healing and magic from potions.
Whenever you drink a healing potion, you attack all around you.


Message History

You kill the green very ugly thing!
Makhleb accepts your kill.
You feel better.
You bludgeon the green very ugly thing!!
Lightning courses through the green very ugly thing!!
The green very ugly thing is heavily wounded.
You savour every drop.
You feel better. Something hits you.
* * * LOW HITPOINT WARNING * * *
The green ugly thing completely misses you.
The green very ugly thing bites you but does no damage.
Your Spellcasting skill increases to level 11!
You beat the green ugly thing like a drum!!!
Lightning courses through the green ugly thing!!
You kill the green ugly thing!
Makhleb accepts your kill.
You feel better. Something hits you but does no damage.
The green very ugly thing bites you but does no damage.
You hit the green very ugly thing. You headbutt the green very ugly thing.
The green very ugly thing is severely wounded.
You hear some strange, mumbled words.
The green very ugly thing bites you but does no damage.
You closely miss the green very ugly thing.
The green very ugly thing is severely wounded.
The green very ugly thing bites you!
* * * LOW HITPOINT WARNING * * *
You completely miss the green very ugly thing.
You headbutt the green very ugly thing!
The green very ugly thing is severely wounded.
Something hits you!!
* * * LOW HITPOINT WARNING * * *
You bludgeon the green very ugly thing!!
Lightning courses through the green very ugly thing!
You kill the green very ugly thing!
Makhleb accepts your kill.
You feel better. Something hits you!!
* * * LOW HITPOINT WARNING * * *
Something hits you!
* * * LOW HITPOINT WARNING * * *
Something bites you but does no damage. Something hits you!!
You die...

#'##≈~..........(.......(.,,*,,,,
?.?##~~...............[.(.,,**,,,
.∩..##≈~...............((.,,***,.
...##≈≈##...........(.>(##*,.#**,
####≈≈#####........(((....,,..#**
≈≈≈~~###..#>....(...(.....,....#*
~~~~...........)))(...(((.R.....#
.................(((.............
.....#..........@.(..(...........
##..##...........)(((.(..........
##..##......†..........>.........
##.......).......................
.......).....############.....[..
..........####..........####.....
#.......###....§≈≈§≈≈≈≈....###.(.
##.....##....≈§§§§≈≈≈§§≈§....##..
.......#....≈≈≈§§§§.≈§§≈§§....#..


There were no monsters in sight!

Vanquished Creatures
  A juggernaut (Depths:2)
  A caustic shrike (Depths:3)
  2 quicksilver dragons
  2 liches
  2 titans
  A walking divine tome (Depths:3)
  6 sphinxes
  Agnes (Spider:3)
  Donald (Orc:2)
  5 tengu reavers
  A storm dragon (Depths:2)
  2 krakens (Shoals:4)
  Roxanne (D:15)
  A fenstrider witch (Shoals:1)
  6 fire giants
  6 frost giants
  2 emperor scorpions
  8 vault wardens
  3 ghost moths
  2 reapers (Depths:3)
  3 spriggan defenders
  An orc warlord (Vaults:2)
  A cacodemon (Depths:2)
  6 broodmothers
  3 formless jellyfish
  14 ironbound preservers
  4 very ugly things (Depths:3)
  3 vampire knights
  5 ironbound thunderhulks
  2 lorocyprocas (Depths:1)
  18 dire elephants
  7 stone giants
  A wendigo (Depths:2)
  10 spark wasps
  Nessos (Lair:5)
  2 war gargoyles
  4 merfolk javelineers
  An eidolon (Abyss:1)
  A crystal guardian (Vaults:3)
  5 ettins
  Josephine (Orc:2)
  A ragged hierophant (Desolation)
  Snorg (Lair:5)
  5 merfolk impalers
  7 entropy weavers
  9 yaktaur captains
  5 fire dragons
  7 vault guards
  8 great orbs of eyes
  2 ogre magi
  4 rakshasas
  A hell beast (Depths:3)
  6 ice dragons
  5 hydras
  Erolcha (Orc:1)
  4 spriggan air magi
  Erica (Orc:1)
  4 merfolk avatars
  2 radroaches
  6 two-headed ogres
  21 centaur warriors
  5 peacekeepers
  5 boulder beetles
  An alligator snapping turtle (Shoals:4)
  9 ironbound frosthearts
  3 merfolk aquamancers (Shoals:4)
  A hell hog (Depths:3)
  4 deep troll shamans
  3 deep troll earth magi
  3 satyrs
  5 demonic crawlers
  A vampire mage (Depths:2)
  20 death yaks
  3 tengu warriors
  4 occultists
  3 spriggan berserkers
  Urug (D:10)
  4 hell knights
  Sonja (Orc:2)
  3 orc high priests (Orc:2)
  5 sun demons (Depths:3)
  2 deep elf knights (WizLab)
  3 soul eaters (Depths:3)
  Amaemon (Lair:2)
  8 pharaoh ants
  4 skysharks
  A salamander mystic (WizLab)
  A spectral death yak (Lair:5)
  A wretched star (Abyss:1)
  A spectral anaconda (Lair:5)
  A deep troll (shapeshifter) (Vaults:3)
  14 sea snakes
  5 mana vipers (WizLab)
  4 glowing orange brains
  2 flayed ghosts
  8 arcanists
  23 ironbound convokers
  33 deep trolls
  9 orb spiders
  6 iron trolls
  A sun moth (Spider:4)
  4 steelbarb worms
  8 orc knights
  An obsidian statue (Lair:5)
  6 necromancers
  10 lindwurms
  A deep elf archer (D:13)
  18 harpies
  A deep elf pyromancer (D:13)
  14 fauns
  4 orc sorcerers
  A salamander (Abyss:1)
  8 cyclopes
  30 ugly things
  19 wolf spiders
  23 manticores
  4 kobold blastminers
  A shining eye (shapeshifter) (Depths:2)
  32 elephants
  A worldbinder (Abyss:1)
  10 meliai
  8 merfolk sirens
  An ice statue (IceCv)
  8 water nymphs
  An orange demon (Lair:3)
  3 smoke demons (Depths:3)
  17 vault sentinels
  2 black mambas
  4 cane toads
  A large abomination (Abyss:1)
  Maggie (D:6)
  5 torpor snails
  4 rime drakes
  3 gargoyles
  A dire elephant zombie (Lair:5)
  19 yaktaurs
  2 efreet
  A dire elephant skeleton (Lair:5)
  10 komodo dragons
  4 kobold demonologists
  2 tengu conjurers (WizLab)
  A spark wasp simulacrum (Depths:2)
  6 trolls
  24 tarantellas
  28 merfolk
  7 polar bears
  5 hornets
  Grinder (D:3)
  Prince Ribbit (D:6)
  7 wind drakes
  33 blink frogs
  The ghost of mkat the Conjurer, an amateur FoCj (D:3)
  A glass eye (Depths:2)
  2 saltlings (Desolation)
  13 snapping turtles
  12 dream sheep
  28 slime creatures
  27 jumping spiders
  2 vampires
  A centaur simulacrum (D:14)
  The ghost of bungle the Changeling, an amateur OnSh (D:3)
  4 spriggans
  20 culicivoras
  2 small abominations (Abyss:1)
  A shadow (D:11)
  A wyvern (D:9)
  7 wraiths
  A ynoxinul (Abyss:1)
  58 yaks
  4 humans (Bailey)
  Grum (D:10)
  5 water elementals (Shoals:4)
  2 wargs (Orc:2)
  4 basilisks
  3 steam dragons
  63 redbacks
  12 vampire mosquitoes
  2 death yak simulacra (IceCv)
  2 harpy simulacra (IceCv)
  A spectral cane toad (Lair:5)
  A hydra simulacrum (IceCv)
  An acid dragon (D:10)
  A hell hound (Abyss:1)
  11 water moccasins
  8 ice beasts
  2 sky beasts (D:7)
  4 elephant zombies (Lair:5)
  3 black bears
  24 orc warriors
  5 ogres
  A boggart (Vaults:3)
  17 wolves
  An elephant skeleton (Lair:5)
  8 starcursed masses (Abyss:1)
  14 centaurs
  2 phantoms
  5 kobold brigands
  The ghost of shmup the Firebug, an amateur GrFE (D:3)
  Blork the orc (Orc:2)
  A weeping skull (Abyss:1)
  2 gnoll sergeants
  21 bullfrogs
  2 scorpions
  A glowing shapeshifter simulacrum (Depths:2)
  5 cane toad simulacra
  A two-headed ogre simulacrum (IceCv)
  9 wights
  An elephant simulacrum (Lair:5)
  4 electric eels (Spider:4)
  5 howler monkeys
  2 bombardier beetles
  7 jellies
  22 orc priests
  5 hounds
  Ijyb (D:3)
  3 iguanas (D:5)
  22 orc wizards
  2 sleepcaps
  4 hell rats (Lair:1)
  Natasha (thrice) (D:2)
  6 polar bear simulacra (IceCv)
  4 spriggan simulacra
  8 troll simulacra (IceCv)
  2 wolf simulacra (IceCv)
  17 gnolls
  4 naga simulacra (IceCv)
  7 adders
  8 white imps
  14 ufetubi
  3 dart slugs
  2 ribbon worms
  71 orcs
  6 bats
  6 endoplasms
  2 giant cockroaches
  4 goblins
  8 hobgoblins
  10 jackals
  3 quokkas
  5 ball pythons
  5 frilled lizards
  11 kobolds
  4 rats
  5 tentacles (Shoals:4)
1594 creatures vanquished.

Vanquished Creatures (collateral kills)
  A Head Instructor (WizLab)
  A green death (Abyss:1)
  A yaktaur captain (Vaults:3)
  A great orb of eyes (Vaults:3)
  A vault guard (Bailey)
  A two-headed ogre (D:8)
  A naga mage (WizLab)
  A saltling (Desolation)
  A yak (D:9)
  A ynoxinul (Abyss:1)
  A wyvern (D:7)
  2 humans (Bailey)
  An ice beast (D:6)
  An orc warrior (Bailey)
  3 bullfrogs (Bailey)
  A wight (D:8)
  A gnoll bouda (D:6)
  A gnoll (D:7)
21 creatures vanquished.

Vanquished Creatures (others)
  A pharaoh ant (Spider:2)
  A deep troll (Vaults:3)
  An unseen horror (D:13)
  A tarantella (Spider:4)
  A warg (Orc:2)
  A wolf (Lair:3)
  A kobold (D:9)
  12 tentacles (Shoals:4)
19 creatures vanquished.

Grand Total: 1634 creatures vanquished

Notes
Turn   | Place    | Note
-------+----------+-------------------------------------------
     0 | D:1      | juan097 the Oni Gladiator began the quest for the Orb.
     0 | D:1      | Reached XP level 1. HP: 22/22 MP: 1/1
    56 | D:1      | Reached skill level 3 in Fighting
   188 | D:1      | Reached XP level 2. HP: 29/31 MP: 2/2
   356 | D:1      | Found a faded altar of an unknown god.
   367 | D:1      | Got Plato's Parchment of Charms
   620 | D:1      | Reached skill level 1 in Stealth
   779 | D:1      | Reached XP level 3. HP: 36/37 MP: 3/3
  1011 | D:1      | Prayed at the altar of an unknown god.
  1011 | D:1      | Became a worshipper of Makhleb the Destroyer
  1011 | D:1      | Reached * piety under Makhleb
  1163 | D:2      | Reached XP level 4. HP: 30/48 MP: 4/4
  1459 | D:2      | Reached skill level 4 in Fighting
  1756 | D:2      | Noticed Natasha
  1762 | D:2      | Killed Natasha
  1871 | D:2      | Noticed Natasha
  1883 | D:2      | Killed Natasha
  1884 | D:2      | Reached XP level 5. HP: 36/54 MP: 5/5
  2031 | D:3      | Noticed Ijyb
  2043 | D:3      | Killed Ijyb
  2062 | D:3      | Noticed Grinder
  2144 | D:2      | Noticed Natasha
  2165 | D:2      | Killed Natasha
  2487 | D:3      | Reached XP level 6. HP: 33/62 MP: 6/6
  2624 | D:3      | Reached skill level 5 in Maces & Flails
  2690 | D:3      | Found a runed translucent gate.
  2690 | D:3      | Found a runed translucent gate.
  2690 | D:3      | Found a runed translucent gate.
  2691 | D:3      | Noticed shmup's ghost (amateur GrFE)
  2692 | D:3      | Noticed bungle's ghost (amateur OnSh)
  2692 | D:3      | Noticed mkat's ghost (amateur FoCj)
  2721 | D:3      | Found an ornate altar of the Wu Jian Council.
  2968 | D:3      | Reached ** piety under Makhleb
  3131 | D:3      | Paralysed by Grinder for 2 turns
  3140 | D:3      | Killed Grinder
  3141 | D:3      | Reached skill level 1 in Evocations
  3141 | D:3      | Reached XP level 7. HP: 51/70 MP: 7/7
  3661 | D:4      | Noticed Duvessa
  3685 | D:4      | Noticed Dowan
  3816 | D:4      | Reached skill level 1 in Invocations
  3933 | D:4      | Found an ancient bone altar of Kikubaaqudgha.
  4195 | D:4      | Found a snail-covered altar of Cheibriados.
  4357 | D:4      | Found a radiant altar of Vehumet.
  4976 | D:5      | Entered Level 5 of the Dungeon
  4976 | D:5      | Found a shadowy altar of Dithmenos.
  5378 | D:5      | Reached XP level 8. HP: 63/78 MP: 9/9
  6075 | D:5      | Found a stormy altar of Qazlal.
  6572 | D:6      | Reached *** piety under Makhleb
  6800 | D:6      | Noticed a yak
  6907 | D:6      | Noticed Maggie
  7454 | D:6      | Reached XP level 9. HP: 21/84 MP: 12/12
  8116 | D:7      | Reached skill level 5 in Fighting
  8116 | D:7      | Reached skill level 5 in Invocations
  8538 | D:8      | Noticed a two-headed ogre
  8550 | D:8      | Killed a two-headed ogre
  8551 | D:8      | Reached skill level 6 in Fighting
  8591 | D:8      | Found a flagged portal.
  8604 | D:8      | Noticed an elephant
  8620 | Bailey   | Entered a bailey
  8628 | Bailey   | Reached XP level 10. HP: 98/98 MP: 14/14
  8678 | Bailey   | Reached skill level 7 in Fighting
  8691 | Bailey   | Reached skill level 5 in Dodging
  9156 | Bailey   | Reached skill level 8 in Fighting
  9276 | Bailey   | Noticed a vault guard
  9322 | Bailey   | Killed a vault guard
  9323 | Bailey   | Reached skill level 10 in Maces & Flails
  9380 | Bailey   | Reached skill level 9 in Fighting
  9461 | Bailey   | Noticed a vault guard
  9723 | D:8      | Noticed an elephant
  9728 | D:8      | Found an opulent altar of Gozag.
  9764 | D:8      | Reached skill level 10 in Fighting
  9866 | D:8      | Noticed a two-headed ogre
  9876 | D:8      | Killed a two-headed ogre
  9877 | D:8      | Reached skill level 1 in Armour
  9877 | D:8      | Reached XP level 11. HP: 58/119 MP: 15/15
 10064 | D:6      | Killed Maggie
 10340 | D:6      | Reached skill level 11 in Fighting
 10437 | D:6      | Noticed Prince Ribbit
 10442 | D:6      | Killed Prince Ribbit
 10443 | D:6      | Found a staircase to the Ecumenical Temple.
 10557 | D:6      | Noticed a +0 dagger
 10557 | D:6      | Noticed a +0 dagger
 10558 | D:6      | Found a hide-covered altar of Uskayaw.
 10973 | D:8      | Reached skill level 12 in Fighting
 10995 | D:8      | Found a shimmering altar of Xom.
 11001 | D:8      | Got the Excursus on Rallying and the Whammy
 11190 | D:8      | Found a hazy altar of Hepliaklqana.
 12075 | D:9      | Found a sacrificial altar of Ru.
 12188 | D:9      | Noticed a manticore
 12721 | D:9      | Reached skill level 5 in Throwing
 12828 | D:9      | Reached **** piety under Makhleb
 12843 | D:9      | Reached XP level 12. HP: 82/133 MP: 17/17
 13483 | D:10     | Entered Level 10 of the Dungeon
 13745 | D:9      | Reached skill level 13 in Fighting
 13988 | D:10     | Found a staircase to the Lair.
 13993 | D:10     | Noticed Urug
 14290 | D:10     | Noticed a two-headed ogre
 14522 | D:10     | Found a burning altar of Makhleb.
 14537 | D:10     | Identified the +6 whip "Moizxaj" {flame, *Corrode rF++ MP+9
                  | Stlth+}
 14537 | D:10     | Identified the +4 robe of Ru, Forging {Str+2}
 14589 | D:10     | Killed a two-headed ogre
 14606 | D:10     | Killed Urug
 14806 | D:10     | Noticed Grum
 14824 | D:10     | Killed Grum
 15288 | Lair:1   | Entered Level 1 of the Lair of Beasts
 15511 | Lair:1   | Reached skill level 14 in Fighting
 15906 | Lair:1   | Reached ***** piety under Makhleb
 16371 | Lair:1   | Reached XP level 13. HP: 35/146 MP: 7/19
 18047 | Lair:2   | Reached skill level 5 in Armour
 18307 | Lair:2   | Found a hole to the Spider Nest.
 18348 | Lair:2   | Found a staircase to the Shoals.
 19013 | Lair:3   | Noticed Amaemon
 19030 | Lair:2   | Killed Amaemon
 19974 | Lair:3   | Got Rempopimno's Cyclopedia of Spectral Bewitchment
 20169 | Lair:3   | Reached skill level 15 in Fighting
 20983 | Lair:4   | Found a frozen archway.
 20989 | Lair:4   | Reached skill level 10 in Invocations
 21016 | IceCv    | Entered an ice cave
 21251 | IceCv    | Noticed a reaper
 21430 | IceCv    | Reached XP level 14. HP: 152/159 MP: 18/21
 21597 | IceCv    | Got the Precepts of Metal
 21974 | Lair:4   | Reached skill level 10 in Throwing
 21988 | Lair:4   | Reached skill level 16 in Fighting
 22225 | Lair:4   | Reached ****** piety under Makhleb
 22982 | Lair:5   | Entered Level 5 of the Lair of Beasts
 23001 | Lair:5   | Found a transporter.
 23124 | Lair:5   | Found a transporter.
 23150 | Lair:5   | Found a viscous altar of Jiyva.
 23150 | Lair:5   | Found a staircase to the Slime Pits.
 24007 | Lair:5   | Noticed Nessos
 24018 | Lair:5   | Killed Nessos
 24268 | Lair:5   | Found a bloodstained altar of Trog.
 24309 | Lair:5   | Reached skill level 5 in Evocations
 24552 | Lair:5   | Noticed laqueoix's ghost (journeyman DrSh)
 24628 | Lair:5   | Noticed a dire elephant
 24628 | Lair:5   | Noticed a dire elephant
 24628 | Lair:5   | Noticed a dire elephant
 24636 | Lair:5   | Noticed a dire elephant
 24688 | Lair:5   | Killed a dire elephant
 25368 | Lair:5   | Reached XP level 15. HP: 122/172 MP: 15/23
 25498 | Lair:5   | Reached skill level 17 in Fighting
 26006 | Lair:5   | Noticed Snorg
 26504 | D:3      | Killed shmup's ghost
 26510 | D:3      | Killed bungle's ghost
 26520 | D:3      | Killed mkat's ghost
 27594 | D:3      | Identified the +12 flail "Voseni Ludd" {venom, rF+ rN+
                  | Dex-4}
 27787 | D:12     | Found a staircase to the Orcish Mines.
 28006 | D:12     | Got the Teachings on Bloody Feathers
 28814 | Orc:1    | Entered Level 1 of the Orcish Mines
 28925 | Orc:1    | Noticed Erica
 28944 | Abyss:1  | Cast into level 1 of the Abyss (orc warrior)
 29143 | Abyss:1  | Noticed a dread lich
 29152 | Abyss:1  | Noticed a Brimstone Fiend
 29394 | Abyss:1  | Noticed a profane servitor
 29395 | Abyss:1  | Noticed a balrug
 29684 | Abyss:1  | Noticed a lich
 29840 | Orc:1    | Escaped the Abyss
 30099 | Orc:1    | Killed Erica
 30650 | Orc:2    | Entered Level 2 of the Orcish Mines
 30782 | Orc:2    | Noticed Josephine
 30795 | Orc:2    | Killed Josephine
 31018 | Orc:2    | Found a staircase to the Elven Halls.
 31018 | Orc:2    | Noticed Blork the orc
 31052 | Orc:2    | Noticed Sonja
 31064 | Orc:2    | Killed Sonja
 31348 | Orc:2    | Noticed Donald
 31368 | Orc:2    | Killed Donald
 31711 | Orc:2    | Noticed Erolcha
 31951 | Orc:1    | Killed Erolcha
 31952 | Orc:1    | Reached XP level 16. HP: 171/183 MP: 22/25
 31985 | Orc:2    | Killed Blork the orc
 32245 | Orc:2    | Reached skill level 18 in Fighting
 32359 | Orc:2    | Found Purelast's Distillery.
 32359 | Orc:2    | Found Foitrudu's General Store.
 32361 | Orc:2    | Found Itiyhom's Book Shoppe.
 32361 | Orc:2    | Found Cyson's General Store.
 32367 | Orc:2    | Bought a potion of heal wounds for 75 gold pieces
 32367 | Orc:2    | Bought a potion of curing for 45 gold pieces
 32370 | Orc:2    | Bought a scroll of noise for 14 gold pieces
 32373 | Orc:2    | Bought a scroll of vulnerability for 56 gold pieces
 32375 | Orc:2    | Bought a scroll of identify for 24 gold pieces
 32377 | Orc:2    | Bought a potion of attraction for 36 gold pieces
 32377 | Orc:2    | Bought a potion of attraction for 36 gold pieces
 32961 | D:13     | Found the +5 moon troll leather armour {Spirit, Regen++
                  | MP+5}
 33284 | Lair:5   | Killed Snorg
 33778 | D:12     | Upgraded the game from 0.31.0 to 0.31.0-2-g5a2aebc5c2
 33782 | D:13     | Identified the +2 battleaxe of Peaf {drain, rC+ Str+5}
 34851 | D:13     | Found a gate to the Vaults.
 35255 | D:14     | Got the Commentary on the Oath
 36309 | Spider:1 | Entered Level 1 of the Spider Nest
 36705 | Spider:1 | Identified the +0 robe of Farfalle {rN+ Will+ MP-9
                  | Archmagi}
 36907 | Spider:1 | Reached XP level 17. HP: 196/196 MP: 26/26
 37467 | Spider:2 | Reached skill level 19 in Fighting
 37927 | Spider:2 | Reached skill level 15 in Maces & Flails
 38634 | Spider:2 | Reached skill level 10 in Armour
 38634 | Spider:2 | Reached skill level 10 in Dodging
 38951 | Spider:3 | Noticed Agnes
 39184 | Spider:3 | Killed Agnes
 40371 | Spider:3 | Identified a scroll of acquirement
 40375 | Spider:3 | Acquired a ring of poison resistance
 40389 | Spider:3 | Found a runed translucent door.
 40389 | Spider:3 | Noticed MysticSailboat's ghost (adept GnCK)
 40507 | Spider:4 | Entered Level 4 of the Spider Nest
 40928 | Spider:4 | Reached skill level 5 in Stealth
 40934 | Spider:4 | Reached XP level 18. HP: 147/208 MP: 16/27
 42302 | Spider:4 | Got a gossamer rune of Zot
 42310 | Spider:4 | Identified the +4 pair of gloves "Ganyg" {rF- rC+++ Regen+
                  | Str-2}
 42613 | Shoals:1 | Entered Level 1 of the Shoals
 42816 | Shoals:1 | Noticed Kehicw's ghost (adept HOBr)
 42967 | Shoals:1 | Reached skill level 20 in Fighting
 43012 | Shoals:1 | Found a runed translucent door.
 43310 | Shoals:1 | Identified the +6 rapier of the Boiling Point {flame, rN+}
 44672 | Shoals:3 | Reached skill level 15 in Invocations
 44989 | Shoals:3 | Reached XP level 19. HP: 219/219 MP: 30/30
 45376 | Shoals:4 | Entered Level 4 of the Shoals
 46157 | Shoals:4 | Got the Tractate on Productive Blasting
 46183 | Shoals:4 | Reached skill level 10 in Evocations
 46826 | Shoals:4 | Identified the ring of Otawousch {+Blink Fly rCorr Int-4
                  | Dex+7}
 47220 | Shoals:4 | Got a barnacled rune of Zot
 47351 | Lair:1   | Learned a level 2 spell: Blink
 47354 | Lair:1   | Learned a level 2 spell: Lesser Beckoning
 47359 | Lair:1   | Learned a level 4 spell: Passage of Golubria
 47364 | Lair:1   | Learned a level 4 spell: Dimensional Bullseye
 47492 | D:15     | Entered Level 15 of the Dungeon
 47660 | D:15     | Acquired the ring of Xugoem {rN+ Will+}
 47664 | D:15     | Identified the granite talisman of Life {rF+++ rC+++ Int-2
                  | SInv Stlth-}
 47664 | D:15     | Noticed Roxanne
 47679 | D:15     | Killed Roxanne
 47680 | D:15     | Reached skill level 1 in Spellcasting
 47768 | D:15     | Reached skill level 1 in Translocations
 47790 | D:15     | Found a staircase to the Depths.
 48195 | Vaults:1 | Entered Level 1 of the Vaults
 48910 | Vaults:1 | Found Gigomadd's Antique Armour Boutique.
 49168 | Vaults:1 | Reached skill level 5 in Translocations
 49803 | Vaults:2 | Reached XP level 20. HP: 182/228 MP: 25/32
 49983 | Vaults:2 | Found a crumbling gateway.
 50073 | Desolati | Entered the Desolation of Salt
 50300 | Vaults:2 | Found a staircase to the Crypt.
 50300 | Vaults:2 | Found a basalt altar of Yredelemnul.
 50464 | Vaults:2 | Reached skill level 1 in Hexes
 50499 | Vaults:2 | Reached skill level 5 in Spellcasting
 50709 | Vaults:2 | Found an ancient bone altar of Kikubaaqudgha.
 52179 | Vaults:3 | Paralysed by a sphinx for 4 turns
 52198 | Vaults:3 | Reached skill level 5 in Hexes
 52254 | Vaults:3 | Reached skill level 10 in Translocations
 52635 | Vaults:3 | Reached XP level 21. HP: 235/237 MP: 33/33
 52971 | Vaults:3 | Paralysed by a formless jellyfish for 1 turns
 53075 | Vaults:3 | Identified the +1 leather armour "Peot Coe" {Dex+2}
 53459 | Vaults:3 | Got the Compendium of Unholy Violence
 54066 | Vaults:4 | Paralysed by a formless jellyfish for 1 turns
 54168 | Vaults:4 | Paralysed by a formless jellyfish for 1 turns
 54597 | Vaults:4 | Paralysed by a formless jellyfish for 1 turns
 55126 | Vaults:4 | Paralysed by a sphinx for 4 turns
 56055 | D:15     | Upgraded the game from 0.31.0-2-g5a2aebc5c2 to
                  | 0.31.0-4-g52a2dc7128
 56057 | Depths:1 | Entered Level 1 of the Depths
 56829 | Depths:1 | Reached skill level 21 in Fighting
 57310 | Depths:1 | Found a portal to a secret trove of treasure.
 58027 | Depths:1 | Found a gateway to Hell.
 58604 | Depths:2 | Found a sparkling altar of Nemelex Xobeh.
 58634 | Depths:1 | Identified the +4 quarterstaff of the Sneaky Dances
                  | {antimagic, ^Contam rF++ Str+3 Stlth+}
 58709 | Depths:2 | Reached XP level 22. HP: 202/252 MP: 34/34
 58833 | Depths:2 | Noticed a juggernaut
 58853 | Depths:2 | Killed a juggernaut
 59151 | Depths:2 | Found Big Baal Hell's Store.
 59153 | Depths:2 | Paralysed by a wendigo for 1 turns
 59376 | Depths:2 | Found a one-way gate leading to the halls of Pandemonium.
 59847 | Depths:3 | Found a one-way gate to the infinite horrors of the Abyss.
 59961 | Depths:3 | Found Vakhlaw's Magic Scroll Shop.
 59985 | Depths:3 | Found Nyrphacke's Book Shop.
 60155 | Depths:3 | Found a magical portal.
 60186 | WizLab   | Entered Yara's Duelist Academy
 60807 | WizLab   | Noticed Taoruemn
 61027 | WizLab   | Killed Taoruemn the Head Instructor
 61163 | WizLab   | Got Yara's Directory of the Wyrd
 61191 | WizLab   | Learned a level 1 spell: Apportation
 61195 | WizLab   | Learned a level 3 spell: Gell's Gravitas
 61368 | Depths:3 | Noticed a caustic shrike
 61377 | Depths:3 | Killed a caustic shrike
 61610 | Depths:3 | Reached skill level 10 in Spellcasting
 62273 | Depths:3 | Mangled by a vampire knight

Illustrated notes

Levels and vault maps discovered:
D:1:      wander_arrival_desolate, layout_basic,
          shapermc_ecumenical_altar_rom_forum, minmay_misc_feat_plants
D:2:      layout_loops_cross, minmay_small_reverse_x, uniq_natasha
D:3:      layout_basic, nicolae_wu_jian_glorious_leap, gammafunk_ghost_cemetery,
          uniq_grinder, uniq_ijyb
D:4:      layout_gridville, mainiacjoe_overflow_six_doors_small,
          fiery_altar_vehumet, kiku_gazebo_garden_becter,
          kennysheep_decorative_pillar, uniq_duvessa
D:5:      layout_basic, lemuel_round_altar, grunt_dithmenos_smoke,
          dreamdust_princess_corridor
D:6:      layout_rooms, dancing_weapons_uskayaw,
          minmay_temple_entry_antechambers, uniq_prince_ribbit1, uniq_maggie
D:7:      layout_rooms, chequers_serial_rivers_marsh
D:8:      wad_woods_tower, layout_basic,
          nicolae_gozag_cash_rules_everything_around_me,
          nicolae_overflow_crystal_walls, mainiacjoe_overflow_boulevard,
          enter_bailey_2
D:9:      layout_small_grid, nicolae_ru_sacrificial_ziggurat,
          hangedman_fish_farm
D:10:     cheibrodos_iron_armory, layout_rooms, bloody_makhleb,
          hellmonk_lair_entry_icy, uniq_urug, uniq_grum
D:11:     layout_loops_ring
D:12:     layout_roguey, minmay_orc_entry_temple_small
D:13:     minmay_polygon_palace, layout_stronghold, david_vaults_5
D:14:     layout_basic, minmay_fountain_box, kennysheep_generic_room_11
D:15:     grunt_enter_depths_hoard, layout_rooms, uniq_roxanne
Lair:1:   layout_regular_city, serial_bayou_shore_b, grunt_megastairs_3
Lair:2:   layout_small_grid, shoals_dummy_entry,
          nicolae_spider_entry_orb_guardian, serial_bayou_shore_b
Lair:3:   layout_hall_layers, uniq_amaemon
Lair:4:   layout_long_grid, portal_ice_cave_rime, beast_lair_carwin_3
Lair:5:   due_jungle_book, layout_regular_city, minmay_slime_entry_pillars,
          gammafunk_ghost_wrathful_warriors, uniq_snorg, uniq_nessos
Shoals:1: layout_shoals, hellmonk_ghost_happy_afterlife,
          nicolae_shoals_beach_house_on_fowls_legs
Shoals:2: layout_shoals
Shoals:3: layout_shoals
Shoals:4: shoals_end_hangedman, layout_shoals
Spider:1: layout_spider_delve
Spider:2: layout_chambers, nicolae_spider_baby_got_redback
Spider:3: layout_spider_delve, gammafunk_ghost_grave, drop_trap, uniq_agnes
Spider:4: hellmonk_spider_rune_endless_swarm, nicolae_spider_bzzzt
Orc:1:    layout_caves, lightli_orcish_oven, uniq_erica
Orc:2:    grunt_orc_tribal_feast, layout_caves, basic_altar, sword_in_stone,
          uniq_donald, uniq_sonja, uniq_josephine, uniq_erolcha
Vaults:1: v_misc_15, nicolae_vaults_little_squares_2, v_alt_pattern_1,
          nicolae_vaults_big_ls, hangedman_vaults_restitches,
          nicolae_vaults_storage_closets_1, hangedman_vaults_pinch,
          ontoclasm_vaults_decontamination, nicolae_vaults_double_plus_2,
          ontoclasm_vaults_eye, nicolae_vaults_trapezoid_lopsided_1,
          nicolae_vaults_house_2, layout_vaults_chaotic_city, serial_shops,
          nicolae_shop_gibbet_a_chance
Vaults:2: portal_desolation_entry_twin_temple, nicolae_vaults_house_3,
          nicolae_vaults_tetromino_Z_1, nicolae_vaults_trapezoid_layered,
          vaults_room_hallway, minmay_crypt_entry_necro_gods,
          vaults_standard_mumra_enter_the_diamond, nicolae_vaults_house_1,
          st_hourglassy, vaults_room_semicircle, v_misc_2,
          hangedman_vaults_stream, layout_vaults_omnicross
Vaults:3: hangedman_vaults_nails, nicolae_vaults_double_plus_3,
          nicolae_vaults_storage_closets_3,
          nicolae_vaults_offset_grid_hallway_1,
          nicolae_vaults_diagonal_hallway_6, nicolae_vaults_trapezoid_layered,
          nicolae_vaults_whirlpool_walls, dpeg_vaults_monster_box,
          nicolae_vaults_circle_grid_a, v_misc_27, nicolae_vaults_network_star,
          ontoclasm_vaults_hangar, v_misc_8, hangedman_vaults_trim,
          layout_vaults_ring
Vaults:4: ontoclasm_vaults_tryst, nicolae_vaults_storage_closets_2,
          nicolae_vaults_little_squares_1, hangedman_vaults_trim,
          nicolae_vaults_network_periphery, vaults_room_corners,
          nicolae_vaults_crenellated_ambush, hangedman_vaults_restitches,
          v_alt_pattern_2, nicolae_vaults_double_plus_1, layout_vaults_omnigrid
Depths:1: layout_basic, nicolae_trove_entry_isolated, hell_entry,
          nrook_kobold_shadow_demons, firewood_loft, nicolae_integral_box,
          serial_bayou_shore_b
Depths:2: minmay_blocking_statues, layout_honeycomb,
          nemelex_lonely_heart_becter, nicolae_hell_entry_big_baal_hell,
          grunt_pan_entry_spiral
Depths:3: minmay_triangles_in_corner, layout_cave_shapes, hellmouth_2,
          abyss_entry, mu_enter_wizlab_1, minmay_shoptagon

Skill      XL: |  1  2  3  4  5  6  7  8  9 10 11 12 13 14 15 16 17 18 19 20 21 22 |
---------------+-------------------------------------------------------------------+-----
Fighting       | 3 4 6 10 12 14 15 16 17 18 19 20 21 | 21.0
Stealth        | 1 2 3 4 5 |  5.0
Maces & Flails | 4 5 6 8 10 12 14 15 16 | 16.0
Evocations     | 1 2 4 5 6 8 10 | 10.0
Invocations    | 2 4 5 6 7 8 10 11 12 15 16 | 16.0
Dodging        | 4 5 6 7 9 10 11 12 | 12.0
Throwing       | 4 5 8 9 10 12 13 14 | 14.0
Armour         | 1 4 6 7 9 10 11 12 13 | 13.0
Spellcasting   | 4 6 8 11 | 11.0
Translocations | 6 10 12 | 12.0
Hexes          | 6 7 9 |  9.3

Action                     |  1- 3 |  4- 6 |  7- 9 | 10-12 | 13-15 | 16-18 | 19-21 | 22-24 || total
---------------------------+-------+-------+-------+-------+-------+-------+-------+-------++-------
  Melee: Flail             |    88 |   113 |   185 |    90 |   275 |   548 |       |     8 ||  1307
         Headbutt          |    12 |    18 |    44 |   112 |   309 |   318 |   357 |    95 ||  1265
         Punch             |       |     1 |     2 |     3 |     6 |     7 |       |       ||    19
         War axe           |       |       |    32 |    34 |       |       |       |       ||    66
         Giant club        |       |       |       |   506 |   966 |   689 |  1187 |   281 ||  3629
         Demon whip        |       |       |       |       |   104 |       |       |       ||   104
         Unarmed           |       |       |       |       |       |       |    26 |       ||    26
  Throw: Stone             |     2 |    17 |    28 |    10 |       |       |       |       ||    57
         Dart              |       |     4 |    34 |    39 |     7 |   291 |     2 |     3 ||   380
         Throwing net      |       |     1 |     3 |     3 |       |       |       |       ||     7
         Large rock        |       |       |     3 |     9 |    23 |     4 |     3 |    78 ||   120
         Boomerang         |       |       |       |    14 |    45 |   125 |   371 |   137 ||   692
         Javelin           |       |       |       |       |    45 |    48 |    36 |       ||   129
   Cast: Passage of Golubr |       |       |       |       |       |       |       |     3 ||     3
         Blink             |       |       |       |       |       |       |       |     1 ||     1
 Invoke: Minor Destruction |       |       |     2 |    26 |     1 |     4 |       |       ||    33
         Lesser Servant of |       |       |     3 |     9 |     1 |       |     1 |     1 ||    15
         Greater Servant o |       |       |       |       |     2 |       |     4 |     2 ||     8
  Evoke: Wand              |       |     1 |    14 |    10 |     5 |    24 |     9 |     6 ||    69
         Condenser vane    |       |       |       |       |     1 |     1 |     3 |     1 ||     6
    Use: Potion            |     2 |       |     1 |     1 |    10 |     4 |    15 |     9 ||    42
         Scroll            |       |       |     8 |     7 |    23 |     8 |    14 |     2 ||    62
   Stab: Sleeping          |     1 |     1 |     6 |     1 |       |     5 |     9 |       ||    23
         Held in net/web   |       |     1 |       |       |       |     1 |       |       ||     2
         Distracted        |       |       |       |       |     4 |       |     3 |       ||     7
         Confused          |       |       |       |       |     1 |       |       |       ||     1
 Armour: Robe              |    74 |    86 |   195 |    81 |       |       |       |       ||   436
         Steam dragon scal |       |       |       |   222 |       |       |       |       ||   222
         Acid dragon scale |       |       |       |   276 |  1447 |   103 |       |       ||  1826
         Ice dragon scales |       |       |       |       |   105 |       |       |       ||   105
         Troll leather arm |       |       |       |       |       |  1453 |  1115 |       ||  2568
         Shadow dragon sca |       |       |       |       |       |       |   217 |   449 ||   666
         Skin              |       |       |       |       |       |       |     5 |       ||     5
  Dodge: Dodged            |    50 |    55 |   150 |   379 |   767 |   789 |   659 |   130 ||  2979
